 Dungeon Crawl Stone Soup version 0.25-a0-516-g7d600cd9ad (webtiles) character file.

Game seed: 12531047701310586344, levelgen mode: deterministic

143 Forecaster the Poker (level 5, -4/40 HPs)
             Began as a Merfolk Gladiator on Feb 17, 2020.
             Was an Initiate of Sif Muna.
             Killed from afar by an orc wizard (8 damage)
             ... with a magic dart
             ... on level 3 of the Dungeon.
             The game lasted 00:12:39 (2390 turns).

Forecaster the Poker (Merfolk Gladiator)            Turns: 2390, Time: 00:12:42

Health: -4/40      AC:  4    Str: 14    XL:     5   Next: 25%
Magic:  5/5        EV: 21    Int:  7    God:    Sif Muna [......]
Gold:   82         SH:  0    Dex: 22    Spells: 3/4 levels left

rFire    + . .     SeeInvis .   a - +0 trident
rCold    + . .     Gourm    .   (no shield)
rNeg     . . .     Faith    .   j - +0 leather armour
rPois    +         Spirit   .   c - +0 helmet
rElec    +         Reflect  .   (no cloak)
rCorr    +         Harm     .   (no gloves)
MR       .....                  (no boots)
Stlth    +++.......             (no amulet)
HPRegen  0.13/turn              (no ring)
MPRegen  0.09/turn              (no ring)

@: agile, lethally poisoned (-4 -> -10), resistant
A: change form in water, swift swim, stealthy swim
a: Renounce Religion


You were on level 3 of the Dungeon.
You worshipped Sif Muna.
Sif Muna was noncommittal.
You were hungry.

You visited 1 branch of the dungeon, and saw 3 of its levels.

You collected 82 gold pieces.

Inventory:

Hand Weapons
 a - a +0 trident (weapon)
 n - a +2 dagger of venom
 o - a +2 dagger of venom
 s - a +0 hunting sling
 w - a +0 rapier
Missiles
 d - 3 throwing nets (quivered)
 h - 15 sling bullets
 t - 14 arrows
Armour
 b - a +0 leather armour
 c - a +0 helmet (worn)
 j - a +0 leather armour (worn)
 q - a +0 robe
 r - a +0 leather armour
Scrolls
 e - 2 scrolls of remove curse {unknown}
 i - 3 scrolls of identify {unknown}
 k - 2 scrolls of amnesia {unknown}
 p - 2 scrolls of teleportation {unknown}
 u - a scroll of noise {unknown}
 v - a scroll of immolation {unknown}
Comestibles
 f - 6 rations
 g - a chunk of flesh


   Skills:
 + Level 2.8 Fighting
 + Level 6.3 Polearms
 + Level 2.0 Throwing
 + Level 1.2 Armour
 + Level 5.1 Dodging
 + Level 0.7 Stealth


You had 3 spell levels left.
You knew the following spells:

 Your Spells              Type           Power        Failure   Level  Hunger
a - Corona                Hex            #......      50%         1    ##.....

Your spell library contained the following spells:

 Spells                   Type           Power        Failure   Level  Hunger
 Animate Skeleton         Necr           N/A          50%         1    ##.....
 Apportation              Tloc           #.....       50%         1    ##.....
 Summon Small Mammal      Summ           #...         50%         1    ##.....


Dungeon Overview and Level Annotations

Branches:
Dungeon (3/15)

Altars:
Kikubaaqudgha
Sif Muna

Annotations:
D:3 2 transporters, Gall2222's ghost, amateur OgCK


Message History

The orc wizard hits you with a +0 dagger.
* * * LOW HITPOINT WARNING * * *
You barely miss the orc wizard.
The orc wizard is moderately wounded.
You feel sick.
The orc wizard points at you and mumbles some strange words.
The magic dart hits you.
* * * LOW HITPOINT WARNING * * *
It was a potion of resistance.
You feel protected.
* * * LOW HITPOINT WARNING * * *
You feel sick. The orc wizard closely misses you.
The orc wizard hits you but does no damage.
It was a potion of agility.
You feel agile all of a sudden.
* * * LOW HITPOINT WARNING * * *
You feel sick.
The orc wizard points at you and mumbles some strange words.
The magic dart hits you!
You die...

#......# ######'##
##.#.#####...##.#
###.####....>#.##
##...##.........##
#.._..#..........##
#.8.8.#............
###'####...........
#o..# ##..).......
#@..# ####.......
#≈≈≈# ##.....#
#.>.# ##...## #####
#..## #.## #.# #.#
#.# #####.#


You could see an orc wizard.

Vanquished Creatures
  An orc wizard (D:3)
  Robin (D:2)
  3 adders
  2 worms
  3 dart slugs
  3 leopard geckos
  An orc (D:3)
  7 bats
  4 giant cockroaches
  18 goblins
  5 hobgoblins
  4 kobolds
  6 frilled lizards
  6 rats
64 creatures vanquished.

Notes
Turn   | Place    | Note
-------+----------+-------------------------------------------
     0 | D:1      | Forecaster the Merfolk Gladiator began the quest for the
                  | Orb.
     0 | D:1      | Reached XP level 1. HP: 16/16 MP: 1/1
    67 | D:1      | Reached XP level 2. HP: 18/22 MP: 2/2
   343 | D:1      | Reached skill level 5 in Polearms
   361 | D:1      | Reached XP level 3. HP: 21/28 MP: 3/3
   890 | D:2      | Noticed Robin
   905 | D:2      | Killed Robin
   905 | D:2      | Reached XP level 4. HP: 34/34 MP: 4/4
   971 | D:2      | Reached skill level 5 in Dodging
  1502 | D:2      | Found an ancient bone altar of Kikubaaqudgha.
  1787 | D:3      | Noticed an ogre
  1787 | D:3      | Noticed Gall2222's ghost (amateur OgCK)
  1788 | D:3      | Noticed an ogre
  1790 | D:3      | Found a transporter.
  1794 | D:3      | Found a transporter.
  1882 | D:3      | Learned a level 1 spell: Corona
  2030 | D:3      | Reached skill level 6 in Polearms
  2030 | D:3      | Reached skill level 1 in Armour
  2363 | D:3      | Found a shimmering blue altar of Sif Muna.
  2368 | D:3      | Became a worshipper of Sif Muna the Loreminder
  2382 | D:3      | Reached XP level 5. HP: 24/40 MP: 5/5
  2390 | D:3      | Killed from afar by an orc wizard

Levels and vault maps discovered:
D:1:      saegor_arrival_simple_e, layout_rooms
D:2:      layout_loops_ring, marbit_many_paths, first_ration,
          chequers_serial_rivers_small_3, uniq_robin
D:3:      layout_loops_corners, gammafunk_ghost_smash, minmay_hedge_maze,
          minmay_misc_feat_room, glass_columns_c, led_sif_book

Skill      XL: |  1  2  3  4 |
---------------+-------------+-----
Polearms       | 5 6 |  6.3
Dodging        | 5 |  5.1
Armour         | 1 |  1.2
Fighting       | |  2.8
Throwing       | |  2.0
Stealth        | |  0.7

Action                   |  1- 3 |  4- 6 || total
-------------------------+-------+-------++-------
Melee: Trident           |   120 |   107 ||   227
       Tailslap          |       |     1 ||     1
  Use: Potion            |       |     2 ||     2
 Stab: Sleeping          |     1 |     2 ||     3
  Eat: Chunk             |       |     4 ||     4
Armor: Leather armour    |    35 |    23 ||    58
Dodge: Dodged            |    88 |    64 ||   152

Table legend:
 A = Non-vault XP
 B = Vault XP
 C = Vault XP percentage of total XP
 D = Non-vault monster count
 E = Vault monster count
 F = Vault count percentage of total count
                 A         B        C        D         E       F
            +---------+---------+-------+---------+---------+-------
      Total |     128 |      77 |  37.6 |      50 |      14 |  21.9
            +---------+---------+-------+---------+---------+-------
        D:1 |      40 |       0 |   0.0 |      22 |       0 |   0.0
        D:2 |      49 |      35 |  41.7 |      14 |      13 |  48.1
        D:3 |      39 |      42 |  51.9 |      14 |       1 |   6.7
            +---------+---------+-------+---------+---------+-------
